 Dungeon Sprint DCSS version 0.29-a0-892-g2c4c91d9db (webtiles) character file.

Game seed: 12244243439529110905

49450 mhtbhm the Shatterer (level 14, 0/110 HPs)
             Began as a Gargoyle Fighter on July 23, 2022.
             Was the Champion of Okawaru.
             Killed from afar by a fire giant (6 damage)
             ... with a fireball
             ... in the Dungeon (Sprint IX: "|||||||||||||||||||||||||||||").
             The game lasted 00:08:10 (3920 turns).

mhtbhm the Shatterer (Gargoyle Fighter)             Turns: 3920, Time: 00:08:10

Health: 0/110      AC: 33    Str: 32    XL:     14   Next: 50%
Magic:  27/27      EV: 19    Int: 13    God:    Okawaru [******]
Gold:   9          SH:  0    Dex: 20    Spells: 13/13 levels left

rFire   + + .      SeeInvis .   a - +9 morningstar of Liyciet {drain, rPois Dex+2 Stlth+}
rCold   + . .      Faith    .   c - orb {*Rage}
rNeg    + . .      Spirit   .   b - +6 ring mail of Nytyuz {Contam rElec rF+ Str+8}
rPois   ∞          Reflect  .   A - +2 helmet {Int+3}
rElec   +          Harm     .   s - scarf {rC+ rF+}
rCorr   .          Rampage  .   i - +1 pair of gloves {Dex+3}
Will    +....      Rage     20% m - +0 pair of boots
Stlth   ++++...... NoTele   +   (no amulet)
HPRegen 0.28/turn               o - +3 ring of dexterity
MPRegen 0.20/turn               p - +3 ring of dexterity

@: on berserk cooldown, flying, slowed, studying Long Blades, very slow
A: sickness immunity, AC +10, big wings, negative energy resistance 1,
electricity resistance, torment resistance 1, petrification resistance
a: Renounce Religion, Heroism, Finesse


You were in the Dungeon.
You worshipped Okawaru.
Okawaru was exalted by your worship.
You visited 1 branch You collected 1932 gold pieces.
You spent 1923 gold pieces at shops.

Inventory:

Hand Weapons
 a - the +9 morningstar of Liyciet (weapon) {drain, rPois Dex+2 Stlth+}
   (Okawaru gifted it to you in the Dungeon)

   A truly terrible weapon, it drains the life of any living foe it strikes.
   Dex:       It affects your dexterity (+2).
   rPois:     It protects you from poison.
   Stlth:     It makes you more stealthy.
Missiles
 B - 6 datura-tipped darts (quivered)
 C - a throwing net
Armour
 b - the +6 ring mail of Nytyuz (worn) {Contam rElec rF+ Str+8}
   (Okawaru gifted it to you in the Dungeon)

   Str:       It affects your strength (+8).
   rF:        It protects you from fire.
   rElec:     It insulates you from electricity.
   Contam:    It causes magical contamination when unequipped.
 c - an orb of wrath (worn)
 i - a +1 pair of gloves of dexterity (worn)
 m - a +0 pair of boots (worn)
 s - a scarf of resistance (worn)
 A - a +2 helmet of intelligence (worn)
 D - the +0 cloak of True Grit {Rampage Dex+2}
   (Okawaru gifted it to you in the Dungeon)

   Dex:       It affects your dexterity (+2).
   Rampage:   It bestows one free step when moving towards enemies.
Jewellery
 o - a +3 ring of dexterity (left hand)
 p - a +3 ring of dexterity (right hand)
 y - a ring of ice
 z - a ring of ice
Wands
 l - a wand of roots (12)
 w - a wand of quicksilver (5)
 E - a wand of paralysis (6)
Scrolls
 g - 3 scrolls of identify
 j - 2 scrolls of blinking
 k - 2 scrolls of amnesia
 q - a scroll of fog
 r - 4 scrolls of enchant weapon
 u - 3 scrolls of enchant armour
 v - a scroll of brand weapon
Potions
 d - 3 potions of curing
 e - 2 potions of brilliance
 f - 3 potions of mutation
 h - 4 potions of magic
 n - a potion of berserk rage
 t - a potion of haste
 x - a potion of ambrosia


   Skills:
 + Level 21.0 Fighting
 + Level 21.2 Maces & Flails
 + Level 15.7 Armour
 + Level 10.7 Dodging
 + Level 6.3 Stealth
 + Level 11.8 Shields
 * Level 19.0 Invocations
 + Level 4.3 Evocations


You had 13 spell levels left.
You didn't know any spells.
Your spell library contained the following spells:

 Spells                   Type           Power      Damage    Failure   Level
 Foxfire                  Conj/Fire      0%         2x1d4     36%         1
 Sandblast                Erth           0%         2d4       36%         1
 Passwall                 Tmut/Erth      0%         N/A       50%         2
 Static Discharge         Conj/Air       0%         3-3/arc   50%         2
 Conjure Flame            Conj/Fire      0%         6-21      75%         3
 Inner Flame              Hex/Fire       0%         N/A       75%         3
 Stone Arrow              Conj/Erth      0%         3d7       75%         3
 Dispel Undead            Necr           0%         3d6       98%         4
 Flame Wave               Conj/Fire      0%         2d4       98%         4
 Leda's Liquefaction      Hex/Erth       0%         N/A       98%         4
 Sticky Flame             Conj/Fire      0%         2d3       98%         4
 Lee's Rapid Deconstruct  Erth           0%         3d5*      100%        5
 Statue Form              Tmut/Erth      Unusable   N/A       N/A         6

Dungeon Overview and Level Annotations

Branches:
Dungeon (1/1)

Altars:
Cheibriados
Dithmenos
Elyvilon
Fedhas
Gozag
Hepliaklqana
Kikubaaqudgha
Makhleb
Nemelex Xobeh
Okawaru
Qazlal
Ru
Sif Muna
Trog
Uskayaw
Vehumet
Wu Jian
Xom
Yredelemnul
Zin
The Shining One
Jiyva
Lugonu

Shops:
D (:[[


Innate Abilities, Weirdness & Mutations

You are immune to sickness and miasma.
Your stone body is resilient. (AC +10)
You are immune to poison.
Your large and strong wings let you fly.
You resist negative energy. (rN+)
You are resistant to electric shocks. (rElec)
You are resistant to unholy torment.
You are immune to petrification.


Message History

Your Fighting skill increases to level 21!
A deep troll shaman comes into view.
Unknown command.
You impale the deep troll shaman!!
You kill the deep troll shaman!
The deep troll shaman's corpse shimmers and vanishes!
Unknown command.
Unknown command.
You sock the fire giant!
The fire giant is lightly wounded.
The fire giant hits you but does no damage.
Unknown command.
You bludgeon the fire giant!! You drain the fire giant.
The fire giant is heavily wounded.
The deep troll shaman calls upon its god to speed up something.
The fire giant points at you and mumbles some strange words.
The fireball explodes!
The fireball engulfs you! You resist.
The fireball engulfs the fire giant.
The fire giant resists.
You hit the fire giant. You drain the fire giant.
The fire giant is heavily wounded.
The fire giant hits you with a +2 great sword of flaming!
* * * LOW HITPOINT WARNING * * *
The rakshasa blinks!
The fire giant hits you with a +2 great sword of flaming.
* * * LOW HITPOINT WARNING * * *
Unknown command.
Okay, then.
Okay, then.
Blink to where?
Press: ? - help, Dir - move target
As you read the scroll of blinking, it crumbles to dust.
The fire giant gestures at you while chanting.
The bolt of fire hits you. You resist.
* * * LOW HITPOINT WARNING * * *
The fire giant gestures at you while chanting.
The fireball explodes!
The fireball engulfs you! You resist.
* * * LOW HITPOINT WARNING * * *
The fire giant gestures at you while chanting.
The fireball explodes!
The fireball engulfs you. You resist.
You die...

▓▓▓▓▓▓▓▓▓▓▓▓▓▓▓▓▓▓
▓...▓...▓...▓...▓.
▓.▓.▓.▓.▓.▓.▓.▓.▓.
▓.▓.▓.▓.▓.▓.▓.▓.▓.
▓.▓.▓.▓.▓.▓.▓.▓.▓.
▓.▓.▓.▓.▓.▓.▓)▓.▓.
▓@▓.▓.▓.▓.▓.▓.▓.▓.
▓.▓.▓.▓.▓.▓.▓.▓.▓.
▓.▓.▓.▓.▓.▓.▓)▓.▓'
▓.▓.▓.▓.▓.▓.▓.▓.▓.
▓.▓.▓.▓.▓'▓.▓)▓.▓.
▓C▓)▓.▓.▓.▓.▓.▓.▓.
▓.▓.▓.▓.▓.▓.▓.▓.▓.
▓.▓.▓.▓.▓=▓.▓.▓.▓.
▓.▓.▓.▓.▓=▓.▓)▓.▓.


You could see a fire giant (drained).

Vanquished Creatures
  Frances (D)
  A frost giant (D)
  4 fire giants (D)
  A ghost moth (D)
  2 broodmothers (D)
  2 stone giants (D)
  An eleionoma (D)
  Azrael (D)
  A dire elephant (D)
  An entropy weaver (D)
  An ettin (D)
  3 fire dragons (D)
  3 hydras (D)
  2 ice dragons (D)
  4 centaur warriors (D)
  2 deep troll shamans (D)
  A satyr (D)
  An alligator (D)
  2 two-headed ogres (D)
  A shock serpent (D)
  An orc high priest (D)
  A swamp dragon (D)
  A sea snake (D)
  A spriggan druid (D)
  An orb spider (D)
  A flayed ghost (D)
  7 orc knights (D)
  A deep elf pyromancer (D)
  2 harpies (D)
  2 orc sorcerers (D)
  A manticore (D)
  A will-o-the-wisp (D)
  2 cyclopes (D)
  3 ugly things (D)
  Maurice (D)
  7 elephants (D)
  A black mamba (D)
  Joseph (D)
  A guardian serpent (D)
  7 cane toads (D)
  3 naga magi (D)
  2 torpor snails (D)
  An unseen horror (D)
  A demonic crawler (D)
  A komodo dragon (D)
  2 tengu conjurers (D)
  A troll (shapeshifter) (D)
  2 merfolk (D)
  A polar bear (D)
  A troll (D)
  A bloated husk (D)
  A merfolk (shapeshifter) (D)
  A tyrant leech (D)
  3 snapping turtles (D)
  A culicivora (D)
  A jumping spider (D)
  A shadow (D)
  2 yaks (D)
  Eustachio (D)
  4 fire elementals (D)
  3 nagas (D)
  2 water moccasins (D)
  2 hell hounds (D)
  10 orc warriors (D)
  An acid dragon (D)
  A black bear (D)
  2 wolves (D)
  2 centaurs (D)
  A bullfrog (D)
  2 scorpions (D)
  A hound (D)
  3 orc priests (D)
  4 orc wizards (D)
  A gnoll (D)
  A white imp (D)
  A dart slug (D)
  11 orcs (D)
  A hobgoblin (D)
  A ball python (D)
  A frilled lizard (D)
  A rat (D)
161 creatures vanquished.

Vanquished Creatures (others)
  A foxfire (D)
1 creature vanquished.

Grand Total: 162 creatures vanquished

Notes
Turn   | Place    | Note
-------+----------+-------------------------------------------
     0 | D        | mhtbhm the Gargoyle Fighter began the quest for the Orb.
     0 | D        | Reached XP level 1. HP: 14/14 MP: 1/1
   198 | D        | Noticed a scorpion
   198 | D        | Noticed a hound
   198 | D        | Noticed a scorpion
   203 | D        | Killed a scorpion
   204 | D        | Reached skill level 5 in Fighting
   204 | D        | Reached skill level 5 in Armour
   204 | D        | Reached XP level 2. HP: 5/21 MP: 2/2
   204 | D        | Reached XP level 3. HP: 6/26 MP: 3/3
   204 | D        | Reached XP level 4. HP: 7/31 MP: 4/4
   205 | D        | Reached skill level 5 in Shields
   209 | D        | Reached skill level 5 in Maces & Flails
   209 | D        | Killed a scorpion
   210 | D        | Reached XP level 5. HP: 32/37 MP: 5/5
   216 | D        | Found a snail-covered altar of Cheibriados.
   216 | D        | Found a shadowy altar of Dithmenos.
   216 | D        | Found a white marble altar of Elyvilon.
   216 | D        | Found a blossoming altar of Fedhas.
   216 | D        | Found an opulent altar of Gozag.
   217 | D        | Found a hazy altar of Hepliaklqana.
   218 | D        | Found a viscous altar of Jiyva.
   219 | D        | Found an ancient bone altar of Kikubaaqudgha.
   220 | D        | Found a corrupted altar of Lugonu.
   221 | D        | Found a burning altar of Makhleb.
   222 | D        | Found a sparkling altar of Nemelex Xobeh.
   223 | D        | Found an iron altar of Okawaru.
   224 | D        | Found a stormy altar of Qazlal.
   225 | D        | Found a sacrificial altar of Ru.
   226 | D        | Found a shimmering blue altar of Sif Muna.
   227 | D        | Found a bloodstained altar of Trog.
   228 | D        | Found a hide-covered altar of Uskayaw.
   229 | D        | Found a radiant altar of Vehumet.
   230 | D        | Found an ornate altar of the Wu Jian Council.
   231 | D        | Became a worshipper of Warmaster Okawaru
   232 | D        | Found a shimmering altar of Xom.
   233 | D        | Found a basalt altar of Yredelemnul.
   234 | D        | Found a glowing silver altar of Zin.
   235 | D        | Found a glowing golden altar of the Shining One.
   292 | D        | Noticed a two-headed ogre
   292 | D        | Noticed a centaur
   292 | D        | Noticed a shadow
   292 | D        | Noticed a centaur
   292 | D        | Noticed a troll
   298 | D        | Killed a centaur
   299 | D        | Reached skill level 1 in Dodging
   299 | D        | Reached XP level 6. HP: 27/44 MP: 5/7
   303 | D        | Killed a two-headed ogre
   303 | D        | Reached * piety under Okawaru
   303 | D        | Reached ** piety under Okawaru
   304 | D        | Reached skill level 1 in Evocations
   304 | D        | Reached XP level 7. HP: 16/51 MP: 5/11
   304 | D        | Killed a shadow
   305 | D        | Reached skill level 10 in Armour
   305 | D        | Reached XP level 8. HP: 18/56 MP: 5/12
   321 | D        | Killed an unseen horror
   321 | D        | Reached *** piety under Okawaru
   324 | D        | Killed a troll
   325 | D        | Reached skill level 10 in Maces & Flails
   466 | D        | Noticed a two-headed ogre
   466 | D        | Noticed a manticore
   466 | D        | Noticed a guardian serpent
   466 | D        | Noticed a centaur warrior
   466 | D        | Noticed a deep elf pyromancer
   474 | D        | Killed a two-headed ogre
   474 | D        | Reached **** piety under Okawaru
   475 | D        | Reached skill level 10 in Fighting
   475 | D        | Reached XP level 9. HP: 42/62 MP: 13/15
   595 | D        | Noticed a steelbarb worm
   595 | D        | a steelbarb worm changed into a snapping turtle
   611 | D        | Killed a deep elf pyromancer
   612 | D        | Reached skill level 1 in Stealth
   669 | D        | Noticed a merfolk
   671 | D        | Killed a manticore
   679 | D        | Killed a merfolk
   685 | D        | Killed a centaur warrior
   685 | D        | Reached ***** piety under Okawaru
   686 | D        | Reached skill level 10 in Invocations
   686 | D        | Reached XP level 10. HP: 43/68 MP: 17/17
   816 | D        | Noticed a cane toad
   820 | D        | Noticed a cane toad
   823 | D        | Noticed a cane toad
   854 | D        | Killed a cane toad
   854 | D        | Identified the +9 morningstar of Liyciet {drain, rPois
                  | Dex+2 Stlth+} (Okawaru gifted it to you in the Dungeon)
   854 | D        | Received a gift from Okawaru
   864 | D        | Killed a cane toad
   865 | D        | Killed a cane toad
   982 | D        | Noticed a cane toad
   982 | D        | Noticed a cane toad
   982 | D        | Noticed a cane toad
   986 | D        | Noticed a torpor snail
   989 | D        | Reached skill level 5 in Dodging
   991 | D        | Killed a cane toad
   995 | D        | Killed a cane toad
   996 | D        | Killed a cane toad
   998 | D        | Noticed a cane toad
  1000 | D        | Reached XP level 11. HP: 69/76 MP: 18/20
  1007 | D        | Reached skill level 5 in Stealth
  1007 | D        | Received a gift from Okawaru
  1032 | D        | Noticed a dire elephant
  1060 | D        | Killed a dire elephant
  1069 | D        | Reached skill level 15 in Maces & Flails
  1076 | D        | Reached skill level 10 in Shields
  1192 | D        | Noticed Maurice
  1200 | D        | Killed Maurice
  1237 | D        | Noticed an orc knight
  1247 | D        | Killed an orc knight
  1341 | D        | Noticed an orc knight
  1350 | D        | Noticed an orc knight
  1432 | D        | Killed an orc knight
  1488 | D        | Killed an orc knight
  1489 | D        | Reached XP level 12. HP: 72/84 MP: 22/22
  1534 | D        | Found Innyitz's Antique Weapon Emporium.
  1534 | D        | Noticed an orc high priest
  1541 | D        | Reached ****** piety under Okawaru
  1550 | D        | Found Osutex's Book Shoppe.
  1552 | D        | Killed an orc high priest
  1566 | D        | Identified the +6 ring mail of Nytyuz {Contam rElec rF+
                  | Str+8} (Okawaru gifted it to you in the Dungeon)
  1566 | D        | Received a gift from Okawaru
  1655 | D        | Found Zocorh Jadia's Armour Emporium.
  1659 | D        | Found Loqenuh's Armour Shoppe.
  1738 | D        | Bought a +1 pair of gloves of dexterity for 214 gold pieces
  1748 | D        | Bought an orb of wrath for 169 gold pieces
  1781 | D        | Bought a manual of Long Blades for 800 gold pieces
  1781 | D        | Bought a book of Geomancy for 180 gold pieces
  1781 | D        | Bought a book of Touch for 260 gold pieces
  1781 | D        | Bought a book of Flames for 300 gold pieces
  1801 | D        | Noticed Joseph
  1801 | D        | Noticed Eustachio
  1812 | D        | Killed Joseph
  1813 | D        | Reached skill level 15 in Fighting
  1826 | D        | Killed Eustachio
  2022 | D        | Noticed a centaur warrior
  2022 | D        | Noticed a centaur warrior
  2022 | D        | Noticed a centaur warrior
  2030 | D        | Killed a centaur warrior
  2038 | D        | Reached skill level 15 in Invocations
  2039 | D        | Killed a centaur warrior
  2039 | D        | Noticed a fire giant
  2045 | D        | Noticed a fire dragon
  2059 | D        | Killed a centaur warrior
  2060 | D        | Noticed an ettin
  2082 | D        | Killed a fire giant
  2089 | D        | Killed a fire dragon
  2094 | D        | Killed an ettin
  2094 | D        | Received a gift from Okawaru
  2095 | D        | Reached XP level 13. HP: 39/95 MP: 24/24
  2099 | D        | Noticed a fire dragon
  2324 | D        | Noticed an ice dragon
  2330 | D        | Killed a fire dragon
  2339 | D        | Killed an ice dragon
  2896 | D        | Noticed a broodmother
  2898 | D        | Noticed a broodmother
  2904 | D        | Noticed an entropy weaver
  2913 | D        | Killed a broodmother
  2913 | D        | Identified the +0 cloak of True Grit {Rampage Dex+2}
                  | (Okawaru gifted it to you in the Dungeon)
  2913 | D        | Received a gift from Okawaru
  2923 | D        | Killed a ghost moth
  2931 | D        | Killed a broodmother
  2933 | D        | Killed an entropy weaver
  3169 | D        | Noticed an eleionoma
  3185 | D        | Killed an eleionoma
  3193 | D        | Reached skill level 15 in Armour
  3193 | D        | Gained mutation: Your large and strong wings let you fly.
                  | [Gargoyle growth]
  3193 | D        | Reached XP level 14. HP: 35/106 MP: 26/26
  3550 | D        | Noticed Azrael
  3564 | D        | Killed Azrael
  3775 | D        | Noticed Frances
  3784 | D        | Killed Frances
  3785 | D        | Reached skill level 10 in Dodging
  3852 | D        | Noticed a fire giant
  3852 | D        | Noticed a stone giant
  3852 | D        | Noticed a frost giant
  3859 | D        | Killed a fire giant
  3871 | D        | Killed a stone giant
  3874 | D        | Noticed a fire giant
  3875 | D        | Noticed a fire giant
  3878 | D        | Killed a frost giant
  3885 | D        | Noticed a stone giant
  3889 | D        | Killed a fire giant
  3889 | D        | Identified the +1 robe of the Present {Harm rPois rF+}
                  | (Okawaru gifted it to you in the Dungeon)
  3889 | D        | Received a gift from Okawaru
  3889 | D        | Noticed a fire giant
  3894 | D        | Killed a fire giant
  3900 | D        | Killed a stone giant
  3915 | D        | HP: 4/110 [fire giant/fireball (14)]
  3920 | D        | Killed from afar by a fire giant

Illustrated notes

Levels and vault maps discovered:
D:        linesprint [early_d, line_temple, items_1, d_10, items_2, lair_1,
          lair_end, items_3, orc_1, orc_end, items_4, d_15, swamp_1, shoals_1,
          snake_1, spider_1, d_20, vaults_1, items_5, swamp_end, shoals_end,
          snake_end, spider_end, vaults_end, d_27, items_6, zot_1, zot_end,
          crypt_end, forest_end, elf_end, slime_end, tomb_end, abyss_end,
          pan_hell_end]

Skill      XL: |  1  2  3  4  5  6  7  8  9 10 11 12 13 14 |
---------------+-------------------------------------------+-----
Fighting       | 5 6 7 9 10 11 13 16 19 21 | 21.0
Maces & Flails | 4 5 6 8 10 12 13 16 18 20 21 | 21.2
Armour         | 5 7 9 10 11 12 13 15 | 15.7
Shields        | 4 5 6 7 8 9 10 11 | 11.8
Dodging        | 1 2 3 5 6 7 9 10 | 10.7
Invocations    | 2 6 8 10 12 13 15 17 19 | 19.0
Evocations     | 1 2 3 4 |  4.3
Stealth        | 3 4 5 6 |  6.3

Action                   |  1- 3 |  4- 6 |  7- 9 | 10-12 | 13-15 || total
-------------------------+-------+-------+-------+-------+-------++-------
Melee: Flail             |    25 |     5 |       |       |       ||    30
       Morningstar       |       |     4 |    42 |   343 |   217 ||   606
Invok: Heroism           |       |       |     1 |       |       ||     1
Evoke: Wand              |       |     2 |     5 |     2 |     2 ||    11
  Use: Potion            |     1 |     4 |     7 |       |       ||    12
       Scroll            |       |       |     1 |     1 |     2 ||     4
 Stab: Invisible         |       |       |     2 |       |       ||     2
       Distracted        |       |       |     1 |       |       ||     1
Armor: Scale mail        |     9 |     1 |       |       |       ||    10
       Chain mail        |       |     2 |    21 |       |       ||    23
       Troll leather arm |       |       |    14 |    61 |       ||    75
       Ring mail         |       |       |       |    39 |    87 ||   126
Dodge: Dodged            |    10 |     3 |    20 |   112 |   115 ||   260
Block: Buckler           |     3 |     2 |    17 |    59 |       ||    81

Table legend: (Time is in decaauts)
 A = Elapsed time spent in this place.
 B = Non-inter-level travel time spent in this place.
 C = Inter-level travel time spent in this place.
 D = Time resting spent in this place.
 E = Time spent auto-exploring this place.
 F = Levels seen in this place.
 G = Mean time per level.
                   A        B        C        D        E       F      G
               +--------+--------+--------+--------+--------+-----+--------+
         Total |   3883 |   3883 |      0 |   1348 |    995 |   1 | 3883.0 |
       Dungeon |   3883 |   3883 |      0 |   1348 |    995 |   1 | 3883.0 |
               +--------+--------+--------+--------+--------+-----+--------+

Top non-repeatable levels by time:
       D: 3883 daAuts
